 Dungeon Crawl Stone Soup version 0.16.0-11-gd45b091 (webtiles) character file.

835 Chiseanne the Insei (level 7, -3/38 HPs)
             Began as a Vine Stalker Monk on Mar 17, 2015.
             Was a Believer of Makhleb.
             Slain by an ice beast (6 damage)
             ... on level 5 of the Dungeon.
             The game lasted 00:08:25 (3687 turns).

Chiseanne the Insei (Vine Stalker Monk)             Turns: 3687, Time: 00:08:25

Health: -3/38      AC:  6    Str: 14    XL:     7   Next: 98%
Magic:  0/9        EV: 11    Int: 10    God:    Makhleb [**....]
Gold:   247        SH:  0    Dex: 18    Spells: 0 memorised, 6 levels left

rFire  . . .     SeeInvis .       - Unarmed
rCold  . . .     Clarity  .     c - +0 scale mail
rNeg   . . .     SustAb   .     (no shield)
rPois  +         Gourm    .     (no helmet)
rElec  .         Spirit   +     (no cloak)
rCorr  .         Warding  .     (no gloves)
rMut   .         Stasis   .     (no boots)
MR     .....                    (no amulet)
Stlth  +.........               (no ring)
                                r - ring of poison resistance

@: not resistant to hostile enchantments, very unstealthy
A: fangs 2, regeneration 2, magic shield, antimagic bite, no device heal 3, rot
immunity
a: Minor Destruction, Renounce Religion


You were on level 5 of the Dungeon.
You worshipped Makhleb.
Makhleb was pleased with you.
You were not hungry.

You visited 2 branches of the dungeon, and saw 6 of its levels.

You collected 247 gold pieces.

Inventory:

Missiles
 a - 8 needles of sleeping
 e - 41 poisoned needles
 g - 15 javelins (quivered)
Armour
 c - a +0 scale mail (worn)
Jewellery
 r - a ring of poison resistance (left hand)
Scrolls
 i - 2 scrolls of fog
 j - a scroll of enchant armour {unknown}
 l - 5 scrolls of remove curse
 p - a scroll of immolation {unknown}
 u - 3 scrolls of amnesia {unknown}
 v - a scroll of identify
 w - a scroll of random uselessness {unknown}
Potions
 d - a potion of restore abilities {unknown}
 h - a potion of might {unknown}
 k - a potion of flight
 m - a potion of poison {unknown}
 o - a potion of invisibility {unknown}
 t - a potion of cancellation {unknown}
Comestibles
 b - 4 bread rations
 f - 5 meat rations
 n - 5 fruits
 q - a royal jelly
 s - a beef jerky


   Skills:
 * Level 4.4 Fighting
 * Level 3.4 Armour
 * Level 3.9 Dodging
 - Level 2.4 Stealth
 * Level 6.4 Unarmed Combat


You had 6 spell levels left.
You didn't know any spells.

Dungeon Overview and Level Annotations

Branches:
Dungeon (5/15)             Temple (1/1) D:4

Altars:
Dithmenos
Fedhas
Makhleb
Okawaru
Ru
Trog
Yredelemnul


Innate Abilities, Weirdness & Mutations

You have extremely sharp teeth.
You heal very quickly.
When hurt, damage is shared between your health and your magic reserves.
Your bite disrupts and absorbs the magic of your enemies.
Potions and wands cannot restore your health.
You are immune to rotting.


Message History

The ice beast hits you but does no damage.
You closely miss the ice beast. You punch the ice beast.
Your bite misses the ice beast.
The ice beast is severely wounded.
You hit the ice beast but do no damage.
The ice beast is severely wounded.
The ice beast hits you. The ice beast freezes you!
* * * LOW HITPOINT WARNING * * *
You hit the ice beast but do no damage. Your bite misses the ice beast.
The ice beast is severely wounded.
The ice beast hits you but does no damage.
You barely miss the ice beast.
The ice beast is severely wounded.
The ice beast closely misses you.
You hit the ice beast but do no damage.
The ice beast is severely wounded.
The ice beast hits you.
* * * LOW HITPOINT WARNING * * *
The ice beast freezes you.
You die...

#############
#..@Y.......#
#.#########.#
# ####.###
#......#
#......#
#####......#
#.......##.#
#.....###...#
#.....##.....#


You could see an ice beast.

Vanquished Creatures
  An ice beast (D:5)
  A centaur (D:3)
  An ogre (D:5)
  A giant frog (D:4)
  2 crimson imps
  4 orc priests
  A hound (D:5)
  2 worker ants (D:4)
  Natasha (twice) (D:4)
  2 orc wizards
  A hound skeleton (D:4)
  A worker ant zombie (D:5)
  4 gnolls
  5 adders
  3 worms
  6 giant geckos
  An ooze (D:2)
  15 orcs
  A bat zombie (D:4)
  2 giant cockroaches
  8 hobgoblins
  2 jackals (D:3)
  5 kobolds
  A quokka (D:3)
  4 bats
  A giant cockroach zombie (D:5)
  A giant gecko skeleton (D:5)
  3 giant newts
  2 gnoll zombies (D:2)
  9 goblins
  6 rats
98 creatures vanquished.

Vanquished Creatures (others)
  An orc wizard (D:4)
1 creature vanquished.

Grand Total: 99 creatures vanquished

Notes
Turn   | Place    | Note
--------------------------------------------------------------
     0 | D:1      | Chiseanne, the Vine Stalker Monk, began the quest for the Orb.
     0 | D:1      | Reached XP level 1. HP: 11/11 MP: 1/1
   515 | D:1      | Reached XP level 2. HP: 16/16 MP: 3/3
   797 | D:2      | Reached XP level 3. HP: 19/19 MP: 4/4
   914 | D:2      | Found an iron altar of Okawaru.
  1251 | D:2      | Found a basalt altar of Yredelemnul.
  1506 | D:3      | Found a sacrificial altar of Ru.
  1514 | D:3      | Reached XP level 4. HP: 24/24 MP: 5/5
  1522 | D:3      | Reached skill level 1 in Armour
  1721 | D:3      | Found a shadowy altar of Dithmenos.
  1872 | D:3      | Reached skill level 5 in Unarmed Combat
  1872 | D:3      | Reached XP level 5. HP: 28/28 MP: 7/7
  1970 | D:3      | Noticed a centaur
  1978 | D:3      | Killed a centaur
  2214 | D:4      | Gained mutation: You heal very quickly. [vine stalker growth]
  2214 | D:4      | Reached XP level 6. HP: 21/32 MP: 6/8
  2467 | D:4      | Reached XP level 7. HP: 34/37 MP: 9/9
  2689 | D:4      | Found a staircase to the Ecumenical Temple.
  2695 | Temple   | Entered the Ecumenical Temple
  2714 | Temple   | Became a worshipper of Makhleb the Destroyer
  2714 | Temple   | Acquired Makhleb's first power
  2714 | Temple   | Acquired Makhleb's second power
  3012 | D:4      | Noticed Natasha
  3017 | D:4      | Killed Natasha
  3105 | D:4      | Noticed Natasha
  3144 | D:4      | Killed Natasha
  3257 | D:5      | Entered Level 5 of the Dungeon
  3284 | D:5      | Reached skill level 6 in Unarmed Combat
  3642 | D:5      | Found a bloodstained altar of Trog.
  3687 | D:5      | Slain by an ice beast

Action                   |  1- 3 |  4- 6 |  7- 9 || total
-------------------------+-------+-------+-------++-------
Melee: Unarmed           |    64 |   130 |   111 ||   305
  Use: Scroll            |       |     5 |       ||     5
 Stab: Paralysed         |       |     1 |       ||     1
  Eat: Chunk             |     2 |     3 |     4 ||     9
